 Dungeon Crawl Stone Soup version 0.30-a0-782-ge64f9170bb (webtiles) character file.

Game seed: 5478587479197429408

585 tilp the Slasher (level 7, -10/59 HPs)
             Began as a Meteoran Fighter on Mar 2, 2023.
             Was a Follower of Okawaru.
             Killed by nerve-wracking pain
             ... invoked by Menkaure
              (14 damage)
             ... on level 5 of the Dungeon.
             The game lasted 00:08:00 (970 turns).

tilp the Slasher (Meteoran Fighter)                  Turns: 970, Time: 00:08:01

Health: -10/59     AC:  8    Str: 16 (17) XL:     7   Next: 97%
Magic:  11/11      EV:  9    Int:  9      God:    Okawaru [*.....]
Gold:   60         SH:  7    Dex: 16 (17) Spells: 6/6 levels left

rFire   . . .      SeeInvis .    a - +1 long sword
rCold   . . .      Faith    .    j - +2 buckler
rNeg    . . .      Spirit   .    g - +0 scale mail
rPois   .          Reflect  .    (no helmet)
rElec   .          Harm     .    (no cloak)
rCorr   .          Rampage  .    (no gloves)
Will    .....                    i - +0 pair of boots Stlth
                                 (no amulet)
HPRegen 0.29/turn                (no ring)
MPRegen 0.12/turn                (no ring)

@: glowing
A: sense surroundings 1, otherworldly, glowing, explore regen, low MP 1
a: Renounce Religion, Heroism


You were on level 5 of the Dungeon.
You worshipped Okawaru.
Okawaru was aware of your devotion.
You visited 2 branches of the dungeon, and saw 7 of its levels.

You collected 60 gold pieces.

Inventory:

Hand Weapons
 a - a +1 long sword (weapon)
 b - a +0 rapier of speed
Missiles
 e - 2 poisoned darts (quivered)
 f - 16 stones
Armour
 c - a +0 buckler
 g - a +0 scale mail (worn)
 i - a +0 pair of boots (worn)
 j - a +2 buckler (worn)
Wands
 o - a wand of paralysis (5)
Potions
 d - a potion of resistance
 h - a potion of attraction


   Skills:
 - Level 4.0 Fighting
 - Level 6.0 Long Blades
 - Level 2.0 Throwing
 - Level 3.6 Armour
 - Level 2.0 Dodging
 - Level 3.6 Shields
 * Level 6.0 Invocations
 - Level 2.0 Evocations


You had 6 spell levels left.
You didn't know any spells.
Your spell library was empty.

Dungeon Overview and Level Annotations

Branches:
Dungeon (6/15) Zot: 2599   Temple (1/1) D:4 Zot: 583

Altars:
Cheibriados
Dithmenos
Elyvilon
Fedhas
Hepliaklqana
Kikubaaqudgha
Makhleb
Nemelex Xobeh
Okawaru
Ru
Trog
Uskayaw
Vehumet
Xom
The Shining One

Annotations:
D:3 1 runed translucent door, DEFE's ghost, amateur DsWn
D:4 Pikel
D:5 Edmund; Menkaure


Innate Abilities, Weirdness & Mutations

You passively map a small area around you.
You are easily found by Zot.
You glow in the dark.
You regain HP and MP as you explore.
Your magical capacity is low. (-10% MP)


Message History

Edmund clears his throat.
Menkaure barely misses you.
You hit Menkaure.
Menkaure is moderately damaged.
Menkaure points at you and mumbles some strange words.
Pain shoots through your body!
You hit Menkaure but do no damage.
Menkaure is moderately damaged.
You block Menkaure's attack.
You hit Menkaure but do no damage.
Menkaure is moderately damaged.
Menkaure calls on the powers of darkness!
Your body is wracked with pain!
* * * LOW HITPOINT WARNING * * *
Edmund convulses!
Menkaure calls on the powers of darkness!
Your body is wracked with pain!
* * * LOW HITPOINT WARNING * * *
Edmund convulses!
You barely miss Menkaure.
Menkaure is moderately damaged.
Edmund clears his throat.
Edmund drinks a potion.
Edmund is healed!
Menkaure hits you!
* * * LOW HITPOINT WARNING * * *
You slash Menkaure!
Menkaure is severely damaged.
Menkaure calls on the powers of darkness!
You feel a surge of unholy energy.
Edmund convulses!
Menkaure calls on the powers of darkness!
You feel a surge of unholy energy.
Edmund convulses!
You hit Menkaure but do no damage.
Menkaure is severely damaged.
You block Menkaure's attack.
Aiming: Paralyse
Press: ? - help, Shift-Dir - straight line, f - Menkaure
Aim: Menkaure (severely damaged, fast, chance to affect: 54%) Menkaure resists with significant effort.
Menkaure points at you and mumbles some strange words.
Pain shoots through your body!
You die...

#..##...............#
##.....########.....#
......######.......##
.<........##.#..#...##
##...#.........##....##
##.#######....# #).#..#
#..#.# #.### #...#.#
#.##.# #.#######..#.###
..##^ #....@M@.......# *
###.######.##..###..##....
###^#)..#* #.,* #........
##.##.### .. ,, #.###....
* .†..#^P)# .#* ..# *###
#...#.#†## * #.#* ,
##..P:..# *#.. , #..^.###
,*##. * #!...P.## * * *.


You could see Edmund and Menkaure (fast).

Vanquished Creatures
  A lemure (D:5)
  A kobold brigand (D:4)
  5 scorpions (D:5)
  A hound (D:4)
  2 jellies (D:5)
  An iguana (D:5)
  A gnoll (D:5)
  6 adders
  A shadow imp (D:6)
  An ufetubus (D:5)
  An orc (D:4)
  A ball python (D:2)
  6 bats
  6 endoplasms
  6 goblins
  2 hobgoblins (D:1)
  3 kobolds
  2 quokkas
47 creatures vanquished.

Vanquished Creatures (others)
  6 fungi (D:5)
  6 plants (D:2)
12 creatures vanquished.

Grand Total: 59 creatures vanquished

Notes
Turn   | Place    | Note
-------+----------+-------------------------------------------
     0 | D:1      | tilp the Meteoran Fighter began the quest for the Orb.
     0 | D:1      | Reached XP level 1. HP: 19/19 MP: 2/2
    55 | D:1      | Reached XP level 2. HP: 18/26 MP: 3/3
   115 | D:2      | Reached skill level 1 in Dodging
   152 | D:1      | Reached XP level 3. HP: 29/31 MP: 4/4
   321 | D:3      | Found a runed translucent door.
   325 | D:3      | Noticed DEFE's ghost (amateur DsWn)
   384 | D:4      | Found a staircase to the Ecumenical Temple.
   393 | D:4      | Noticed a kobold brigand
   406 | D:4      | Reached XP level 4. HP: 24/40 MP: 5/5
   410 | D:4      | HP: 1/40 [kobold brigand/+0 club (6)]
   411 | D:4      | Killed a kobold brigand
   412 | D:4      | Reached skill level 5 in Long Blades
   412 | D:4      | Reached XP level 5. HP: 2/46 MP: 6/6
   436 | Temple   | Entered the Ecumenical Temple
   444 | Temple   | Became a worshipper of Warmaster Okawaru
   482 | D:5      | Entered Level 5 of the Dungeon
   491 | D:5      | Reached skill level 1 in Invocations
   491 | D:5      | Reached XP level 6. HP: 26/52 MP: 6/8
   518 | D:4      | Noticed Pikel
   521 | D:4      | Reached skill level 1 in Throwing
   539 | D:5      | Gained mutation: Your magical capacity is low. (-10% MP)
                  | [potion of mutation]
   551 | D:5      | Reached skill level 1 in Evocations
   658 | D:5      | Reached XP level 7. HP: 59/59 MP: 9/9
   687 | D:5      | Found the +11 Singing Sword {sonic wave}
   710 | D:5      | Reached * piety under Okawaru
   779 | D:5      | Reached skill level 5 in Invocations
   956 | D:5      | Noticed Menkaure
   957 | D:5      | Noticed Edmund
   970 | D:5      | Killed from afar by Menkaure

Illustrated notes

Levels and vault maps discovered:
D:1:      minmay_arrival_three_doors, layout_basic
D:2:      layout_loops_ring, serial_bayou, serial_bayou_lake_a,
          serial_bayou_pond_a, serial_bayou_shore_b, serial_bayou_crossing,
          chequers_serial_rivers_room_a
D:3:      layout_basic, ebering_ghost_sewer_f, hangedman_decor_clover_reticule
D:4:      layout_cave_pools, minmay_temple_entry_tees, uniq_pikel
D:5:      old_forge, layout_rooms, serial_shops, shop,
          kennysheep_generic_room_3, uniq_edmund, uniq_menkaure
D:6:      layout_basic, serial_rivers, chequers_serial_rivers_small_a,
          chequers_serial_rivers_micro_d, chequers_serial_rivers_large_b,
          chequers_serial_rivers_small_a, chequers_serial_rivers_micro_b
Temple:   nicolae_temple_no_exploring_needed

Skill      XL: |  1  2  3  4  5  6  7 |
---------------+----------------------+-----
Long Blades    | 3 5 6 |  6.0
Dodging        | 1 2 |  2.0
Fighting       | 4 |  4.0
Invocations    | 1 2 6 |  6.0
Throwing       | 1 2 |  2.0
Evocations     | 1 2 |  2.0
Armour         | |  3.6
Shields        | |  3.6

Action                     |  1- 3 |  4- 6 |  7- 9 || total
---------------------------+-------+-------+-------++-------
  Melee: Long sword        |    76 |    55 |    80 ||   211
  Throw: Dart              |       |     2 |       ||     2
         Stone             |       |     3 |     1 ||     4
  Evoke: Wand              |       |     1 |     2 ||     3
    Use: Scroll            |     5 |       |     1 ||     6
         Potion            |     2 |     5 |     1 ||     8
   Stab: Paralysed         |       |     4 |     2 ||     6
         Held in net/web   |       |       |     2 ||     2
 Armour: Scale mail        |    54 |    25 |    44 ||   123
  Dodge: Dodged            |    27 |    25 |    24 ||    76
  Block: Buckler           |    18 |    21 |    23 ||    62

Table legend: (Time is in decaauts)
 A = Elapsed time spent in this place.
 B = Non-inter-level travel time spent in this place.
 C = Inter-level travel time spent in this place.
 D = Time resting spent in this place.
 E = Time spent auto-exploring this place.
 F = Levels seen in this place.
 G = Mean time per level.
                   A        B        C        D        E       F      G
               +--------+--------+--------+--------+--------+-----+--------+
         Total |   1015 |    907 |    108 |      0 |      0 |   7 |  145.0 |
       Dungeon |    999 |    899 |    100 |      0 |      0 |   6 |  166.5 |
        Temple |     16 |      8 |      8 |      0 |      0 |   1 |   16.0 |
               +--------+--------+--------+--------+--------+-----+--------+

Top non-repeatable levels by time:
     D:5: 425 daAuts
     D:2: 168 daAuts
     D:4: 161 daAuts
     D:1: 119 daAuts
     D:3: 116 daAuts
  Temple: 16 daAuts
     D:6: 8 daAuts
